 Dungeon Crawl Stone Soup version 0.28-a0-1524-ge72afd5fc6 (webtiles) character file.

Game seed: 15372690634415323224

42 a3don the Grave Robber (level 3, -2/26 HPs)
             Began as a Demonspawn Necromancer on Jan 18, 2022.
             Slain by a gnoll (8 damage)
             ... on level 2 of the Dungeon.
             The game lasted 00:03:18 (1384 turns).

a3don the Grave Robber (Demonspawn Necromancer)     Turns: 1384, Time: 00:03:19

Health: -2/26      AC:  3    Str:  8    XL:     3   Next: 35%
Magic:  4/6        EV: 12    Int: 18    God:
Gold:   56         SH:  0    Dex: 13    Spells: 5/6 levels left

rFire   . . .      SeeInvis .   i - +0 short sword
rCold   . . .      Faith    .   (no shield)
rNeg    . . .      Spirit   .   a - +0 robe
rPois   .          Reflect  .   (no helmet)
rElec   .          Harm     +   c - scarf {harm}
rCorr   .          Rampage  .   (no gloves)
Will    .....                   g - +0 pair of boots
Stlth   ++........              (no amulet)
HPRegen 0.08/turn               (no ring)
MPRegen 0.10/turn               (no ring)

@: no status effects
A: sturdy frame 2
a: no special abilities


You were on level 2 of the Dungeon.
You visited 1 branch of the dungeon, and saw 2 of its levels.

You collected 56 gold pieces.

Inventory:

Hand Weapons
 f - a +0 dagger
 i - a +0 short sword (weapon)
Missiles
 j - 3 stones
Armour
 a - a +0 robe (worn)
 c - a scarf of harm (worn)
 g - a +0 pair of boots (worn)
Jewellery
 e - a ring of ice
Scrolls
 b - 2 scrolls of identify {unknown}
 d - a scroll of teleportation {unknown}
Potions
 h - 2 potions of curing {unknown}


   Skills:
 + Level 1.1 Fighting
 + Level 2.2 Dodging
 + Level 2.2 Stealth
 + Level 2.3 Spellcasting
 + Level 4.7 Necromancy


You had 5 spell levels left.
You knew the following spells:

 Your Spells              Type           Power      Damage    Failure   Level
a - Pain                  Necr           76%        1d7       2%          1

Your spell library contained the following spells:

 Spells                   Type           Power      Damage    Failure   Level
 Animate Skeleton         Necr           38%        N/A       2%          1
 Vampiric Draining        Necr           19%        2d7       8%          3
 Animate Dead             Necr           9%         N/A       26%         4
 Agony                    Necr           19%        N/A       56%         5


Dungeon Overview and Level Annotations

Branches:
Dungeon (2/15)

Altars:


Innate Abilities, Weirdness & Mutations

Your movements are less encumbered by armour. (ER -4)


Message History

Confirm with . or Enter, or press ? or * to list all spells.
Aiming: Pain (safe; 2% risk of failure)
Press: ? - help, Shift-Dir - straight line, f - gnoll
Aim: a gnoll, wielding a +0 flail (chance to affect: 83%)
The gnoll writhes in agony.
Casting: Pain (safe; 2% risk of failure)
Confirm with . or Enter, or press ? or * to list all spells.
Aiming: Pain (safe; 2% risk of failure)
Press: ? - help, Shift-Dir - straight line, f/p - gnoll
Aim: a gnoll, wielding a +0 flail (heavily wounded, chance to affect: 83%)
The gnoll writhes in agony.
Casting: Pain (safe; 2% risk of failure)
Confirm with . or Enter, or press ? or * to list all spells.
Aiming: Pain (safe; 2% risk of failure)
Press: ? - help, Shift-Dir - straight line, f/p - gnoll
Aim: a gnoll, wielding a +0 flail (severely wounded, chance to affect: 83%)
The gnoll writhes in agony.
You kill the gnoll!
There is a stone staircase leading up here.
You climb upwards.
There is a stone staircase leading down here.
You start resting.
Magic restored.
You climb downwards.
The gnoll hits you with a +0 club. The gnoll hits you with a +0 club!
There is a stone staircase leading up, spattered with blood here.
Casting: Pain (safe; 2% risk of failure)
Confirm with . or Enter, or press ? or * to list all spells.
Aiming: Pain (safe; 2% risk of failure)
Press: ? - help, Shift-Dir - straight line, f - gnoll
Aim: a gnoll, wielding a +0 club (chance to affect: 84%)
The gnoll barely resists.
The gnoll hits you with a +0 club.
* * * LOW HITPOINT WARNING * * *
Casting: Pain (safe; 2% risk of failure)
Confirm with . or Enter, or press ? or * to list all spells.
Aiming: Pain (safe; 2% risk of failure)
Press: ? - help, Shift-Dir - straight line, f/p - gnoll
Aim: a gnoll, wielding a +0 club (chance to affect: 84%)
The gnoll writhes in agony.
The gnoll hits you with a +0 club!
You die...

..........###†###...#
#....##.##.#.## #...#
##.#.##.##..## #...#
###.#..##.## #...#
####.#.###.# #...#
.........#.# #...#
...#.......######...####
...###.#................
.............)..@.......
...###.#........g.......
.>.......########...####
..#####.## ...# ### #.#
...# #.# ...# #)# ...#
#g# ...# ..#


You could see a gnoll.

Vanquished Creatures
  2 gnolls (D:2)
  2 dart slugs
  3 endoplasms (D:1)
  3 goblins
  2 hobgoblins (D:1)
  A quokka (D:2)
  A bat (D:2)
  2 kobolds
  3 rats
19 creatures vanquished.

Notes
Turn   | Place    | Note
-------+----------+-------------------------------------------
     0 | D:1      | a3don the Demonspawn Necromancer began the quest for the
                  | Orb.
     0 | D:1      | Reached XP level 1. HP: 13/13 MP: 3/3
   213 | D:1      | Found a faded altar of an unknown god.
   785 | D:1      | Gained mutation: Your movements are slightly less
                  | encumbered by armour. (ER -2) [demonic ancestry]
   785 | D:1      | Reached XP level 2. HP: 18/20 MP: 3/5
  1314 | D:2      | Reached skill level 1 in Fighting
  1314 | D:2      | Gained mutation: Your movements are less encumbered by
                  | armour. (ER -4) [demonic ancestry]
  1314 | D:2      | Reached XP level 3. HP: 22/26 MP: 2/6
  1384 | D:2      | Slain by a gnoll

Illustrated notes

Levels and vault maps discovered:
D:1:      lightli_arrival_statue_moat, layout_basic,
          hellmonk_ecumenical_altar_blasted, minmay_misc_feat_chi
D:2:      layout_loops_cross, minmay_vboxes

Skill      XL: |  1  2 |
---------------+-------+-----
Dodging        | 2 |  2.2
Stealth        | 2 |  2.2
Fighting       | 1 |  1.1
Spellcasting   | |  2.3
Necromancy     | |  4.7

Action                   || total
-------------------------++-------
Melee: Unarmed           ||     4
 Cast: Pain              ||    39
Armor: Robe              ||     1
Dodge: Dodged            ||     4

Table legend: (Time is in decaauts)
 A = Elapsed time spent in this place.
 B = Non-inter-level travel time spent in this place.
 C = Inter-level travel time spent in this place.
 D = Time resting spent in this place.
 E = Time spent auto-exploring this place.
 F = Levels seen in this place.
 G = Mean time per level.
                   A        B        C        D        E       F      G
               +--------+--------+--------+--------+--------+-----+--------+
         Total |   1383 |   1362 |     21 |    446 |    738 |   2 |  691.5 |
       Dungeon |   1383 |   1362 |     21 |    446 |    738 |   2 |  691.5 |
               +--------+--------+--------+--------+--------+-----+--------+

Top non-repeatable levels by time:
     D:1: 1083 daAuts
     D:2: 300 daAuts
